AoeStats
← KUKA TIRA PIEDRA

Coastal Forest

510577366Analyzed
2v2 RM · 2d ago on Oct 1, 2026· 41m 5s· 4 players
Game mode
Random Map
Map size
Medium (4 player)
Population
200
Speed
Normal
Resources
Standard
Victory
Conquest
Starting age
Dark Age
Ending age
Imperial Age
RankedLock teamsTeams togetherTeam positionsShared explorationLock speedFull tech treeHidden civsTurbo modeCheats
Victory
Defeat
🇦🇷 Ethiopians · Argentina
1086
+12
🇦🇷 Goths · Argentina
991
+17
🇨🇱 Franks · Chile
1018
-15
🇨🇱 Bohemians · Chile
987
-14
Remixi
0:26 Loom
12:17 Feudal Age
28:45 Double-Bit Axe
31:20 Wheelbarrow
32:48 Fletching
35:15 Forging
37:14 Scale Barding Armor
42:13 Castle Age
40:14 Fishing Lines
Lerny
10:17 Feudal Age
11:45 Loom
15:00 Castle Age
15:25 Double-Bit Axe
25:06 Horse Collar
KUKA TIRA PIEDRA
7:35 Loom
10:08 Feudal Age
13:22 Fletching
14:15 Double-Bit Axe
21:35 Wheelbarrow
22:14 Padded Archer Armor
24:16 Castle Age
22:50 Gold Mining
24:19 Crossbowman
25:11 Bodkin Arrow
25:30 Bow Saw
26:38 Thumb Ring
29:34 Leather Archer Armor
Monosy
7:34 Loom
10:41 Feudal Age
11:10 Double-Bit Axe
10:53 Man-at-Arms
14:23 Horse Collar
20:46 Wheelbarrow
20:40 Forging
22:47 Gold Mining
25:52 Castle Age
26:11 Scale Mail Armor
27:16 Long Swordsman
28:36 Iron Casting
28:18 Chain Mail Armor
28:16 Bow Saw
30:10 Heavy Plow
30:16 Squires
31:53 Stone Mining
32:25 Pikeman
35:27 Stone Shaft Mining
35:12 Hand Cart
38:31 Pikeman
Connection lost

Rejoining the realm…

Still unreachable

The connection could not be restored.

Session expired

The server has moved on; the page needs a fresh start.